 Dungeon Crawl Stone Soup version 0.14.1 (webtiles) character file.

205 Quh the Distorting Demonspawn (level 4, -1/35 HPs)
             Began as a Demonspawn Abyssal Knight on Apr 30, 2014.
             Was a Believer of Lugonu.
             Killed by an exploding giant spore (2 damage)
             ... on Level 5 of the Dungeon.
             The game lasted 00:10:50 (2807 turns).

Quh the Distorting Demonspawn (DsAK)                Turns: 2807, Time: 00:10:50

HP  -1/35        AC 10     Str 13      XL: 4   Next: 93%
MP   0/8         EV  5     Int 13      God: Lugonu [**....]
Gold 72          SH  0     Dex 13      Spells:  0 memorised,  3 levels left

rFire  . . .     SeeInvis .     a - +1 spear
rCold  + . .     Clarity  .     A - +1 chain mail {rC+}
rNeg   . . .     Conserve .     (no shield)
rPois  .         rCorr    .     (helmet restricted)
rElec  .         rRot     .     l - +0 cloak
SustAb . .       Spirit   +     (no gloves)
rMut   .         Warding  .     (no boots)
Saprov . . .     Stasis   .     (no amulet)
MR     .....                    (no ring)
                                (no ring)

@: confused, drained, not resistant to hostile enchantments, extremely
unstealthy
A: horns 1, magic shield
a: Depart the Abyss, Bend Space, Renounce Religion


You were on level 5 of the Dungeon.
You worshipped Lugonu.
Lugonu was pleased with you.
You were near starving.

You visited 1 branch of the dungeon, and saw 5 of its levels.
You visited the Abyss 1 time.

You collected 72 gold pieces.

Inventory:

Hand weapons
 a - a +1,+1 spear (weapon)
 b - a +0,+0 sling
Missiles
 g - 27 arrows
 s - 4 darts
 v - 11 arrows of flame
 w - 50 stones (quivered)
 y - 17 darts of dispersal
Armour
 h - a +1 leather armour
 k - a +0 cloak
 l - a +0 cloak (worn)
 x - a +0 buckler
 z - a +0 leather armour
 A - a +1 chain mail of cold resistance (worn)
Magical devices
 q - a wand of magic darts (8) {unknown}
 t - a wand of random effects (15) {unknown}
Comestibles
 c - a bread ration
 u - a rambutan
 B - an apricot
Scrolls
 f - a scroll of identify {unknown}
 i - a scroll of recharging {unknown}
 j - a scroll of fear {unknown}
 m - 4 scrolls of remove curse {unknown}
 r - 3 scrolls of teleportation
Potions
 d - 6 potions of curing {unknown}
 e - a potion of magic {unknown}
 n - a potion of mutation {unknown}
 o - a potion of invisibility {unknown}
 p - 3 potions of heal wounds {unknown}


   Skills:
 - Level 3.0(2.0) Fighting
 * Level 3.2(2.2) Polearms
 - Level 1.7(0.7) Armour
 - Level 0.8(0.0) Dodging
 + Level 0.4(0.0) Stealth
 * Level 5.2(4.1) Invocations


You had 3 spell levels left.
You didn't know any spells.

Dungeon Overview and Level Annotations

Branches:
Dungeon (5/15)
 Temple: D:4-7

Altars:

Annotations:
D:3 Sigmund


Innate Abilities, Weirdness & Mutations

You have a pair of small horns on your head.
When hurt, damage is shared between your health and your magic reserves.


Message History

There is a stone staircase leading up here.
You hit the gnoll.
The gnoll is moderately wounded.
The gnoll hits you but does no damage.
You feel drained.
A ballistomycete grows in the wake of the spore.
You completely miss the gnoll. Your headbutt misses the gnoll.
The gnoll is moderately wounded.
The gnoll hits you with a flail of draining.
* * * LOW HITPOINT WARNING * * *
You feel drained.
You hit the gnoll.
The gnoll is heavily wounded.
The gnoll hits you with a flail of draining.
* * * LOW HITPOINT WARNING * * *
You feel drained.
* * * LOW HITPOINT WARNING * * *
The giant spore explodes!
The explosion of spores engulfs you!
You are confused.
You die...

. ....#####
#..........
#...........
#............
###f.........
...........#
#.......5...#
#.......@...#
#.##+####g..#
.l.# ...#
...# ...#
...# ...# .


You could see a gnoll, a shadow imp and a giant newt.

Vanquished Creatures
  A worker ant (D:4)
  Ijyb (D:2)
  Terence (D:2)
  2 adders (D:4)
  A gnoll (D:4)
  An adder skeleton (D:4)
  3 giant geckos
  7 bats
  5 giant cockroaches
  4 goblins
  5 hobgoblins
  2 jackals (D:2)
  7 giant newts (D:2)
  4 kobolds
  5 rats
49 creatures vanquished.

Notes
Turn   | Place    | Note
--------------------------------------------------------------
     0 | Abyss:1  | Quh, the Demonspawn Abyssal Knight, began the quest for the Orb.
     0 | Abyss:1  | Reached XP level 1. HP: 18/18 MP: 1/1
    49 | Abyss:1  | Noticed a sun demon
    99 | Abyss:1  | Noticed a rakshasa
   100 | D:1      | Escaped the Abyss
   167 | D:1      | Acquired Lugonu's first power
   387 | D:1      | Gained mutation: You have a pair of small horns on your head. [demonic ancestry]
   387 | D:1      | Reached XP level 2. HP: 24/24 MP: 4/4
  1080 | D:2      | Reached skill level 4 in Invocations
  1143 | D:2      | Reached XP level 3. HP: 29/29 MP: 5/5
  1306 | D:2      | Noticed Ijyb
  1309 | D:2      | Acquired Lugonu's second power
  1327 | D:2      | Killed Ijyb
  1757 | D:2      | Noticed Terence
  1792 | D:2      | Killed Terence
  1792 | D:2      | Gained mutation: When hurt, damage is shared between your health and your magic reserves. [demonic ancestry]
  1792 | D:2      | Reached XP level 4. HP: 15/35 MP: 7/7
  2225 | D:3      | Noticed Sigmund
  2553 | D:4      | Reached skill level 5 in Invocations
  2804 | D:5      | Entered Level 5 of the Dungeon
  2807 | D:5      | HP: 1/35 [gnoll/flail of draining (1)]
  2807 | D:5      | Killed by an exploding giant spore

Action                   |  1- 3 |  4- 6 || total
-------------------------+-------+-------++-------
Melee: Spear             |   144 |    56 ||   200
Throw: Stone             |       |     8 ||     8
Invok: Depart the Abyss  |     1 |       ||     1
  Use: Scroll            |       |     1 ||     1
